 Dungeon Crawl Stone Soup version 0.30.1-9-gdf580d7c3d (webtiles) character file.

Game seed: 5568894523904465889

10227 safid the Frost Mage (level 11, -1/93 HPs)
             Began as a Merfolk Ice Elementalist on Oct 3, 2023.
             Was a Priest of Vehumet.
             Slain by Snorg (12 damage)
             ... on level 10 of the Dungeon on Oct 4, 2023.
             The game lasted 00:27:05 (11816 turns).

safid the Frost Mage (Merfolk Ice Elementalist)    Turns: 11816, Time: 00:27:06

Health: -1/93      AC: 20    Str:  8    XL:     11   Next: 58%
Magic:  10/23      EV: 21    Int: 15    God:    Vehumet [***...]
Gold:   1273       SH:  0    Dex: 15    Spells: 12/26 levels left

rFire   . . .        n - +1 trident (venom)
rCold   + . .        (no shield)
rNeg    + + .        I - +1 robe {rN+}
rPois   +            J - +2 helmet
rElec   .            g - +2 cloak {rPois}
rCorr   +            v - +1 pair of gloves
SInv    +            f - +0 pair of boots of Sif Muna's Regard {rC+ rCorr Int-4}
Will    +....        d - macabre finger necklace {Finger+ rN+}
Stlth   ++           i - ring of see invisible
HPRegen 0.35/turn    c - +5 ring of evasion
MPRegen 0.18/turn    a - ring of willpower

%: no passive effects
@: ice-armoured, freezing walls
A: (nimble swimmer 2), mertail
a: Renounce Religion


You were on level 10 of the Dungeon.
You worshipped Vehumet.
Vehumet was most pleased with you.
You visited 2 branches of the dungeon, and saw 11 of its levels.
You also visited: Sewer and Bailey.

You collected 1490 gold pieces.
You spent 217 gold pieces at shops.

Inventory:

Hand Weapons
 n - a +1 trident of venom (weapon)
Missiles
 G - 3 throwing nets
Armour
 f - the +0 pair of boots of Sif Muna's Regard (worn) {rC+ rCorr Int-4}
   (You acquired it in a bailey)

   Int:       It affects your intelligence (-4).
   rC:        It protects you from cold.
   rCorr:     It protects you from acid and corrosion.
 g - a +2 cloak of poison resistance (worn)
 v - a +1 pair of gloves (worn)
 I - a +1 robe of positive energy (worn)
 J - a +2 helmet (worn)
Jewellery
 a - a ring of willpower (on amulet)
 c - a +5 ring of evasion (right hand)
 d - the macabre finger necklace (around neck) {Finger+ rN+}
   (You found it in a sewer)

   [amulet of nothing]

   Finger+:   It enables you to equip an extra ring.
   rN:        It protects you from negative energy.
 i - a ring of see invisible (left hand)
 M - a ring of fire
Wands
 m - a wand of flame (22)
 t - a wand of paralysis (27)
 u - a wand of mindburst (11)
 y - a wand of quicksilver (5)
 z - a wand of digging (6)
 A - a wand of iceblast (15)
Scrolls
 e - 2 scrolls of silence
 j - 2 scrolls of amnesia
 o - a scroll of blinking
 q - a scroll of enchant weapon
 x - 3 scrolls of fear
 B - a scroll of brand weapon
 E - a scroll of magic mapping
 K - 3 scrolls of teleportation
 N - a scroll of immolation {unknown}
Potions
 b - a potion of magic
 h - 4 potions of lignification
 k - 4 potions of mutation
 l - a potion of attraction {unknown}
 p - a potion of haste {unknown}
 r - 6 potions of curing
 s - a potion of flight {unknown}
 w - 3 potions of might
 C - 2 potions of brilliance
 L - a potion of ambrosia {unknown}
Miscellaneous
 H - a condenser vane


   Skills:
 + Level 11.4 Fighting
 - Level 8.0 Dodging
 - Level 2.1 Stealth
 - Level 8.0 Spellcasting
 + Level 12.3 Ice Magic


You had 12 spell levels left.
You knew the following spells:

 Your Spells              Type           Power      Damage    Failure   Level
a - Freeze                Ice            100%       1d10      1%          1
b - Frozen Ramparts       Ice            84%        1d13      1%          3
c - Ozocubu's Armour      Ice            42%        N/A       1%          3
d - Hailstorm             Conj/Ice       24%        3d7       1%          3
e - Summon Ice Beast      Ice/Summ       24%        N/A       10%         4

Your spell library contained the following spells:

 Spells                   Type           Power      Damage    Failure   Level
 Dazzling Flash           Conj/Hex       12%        N/A       10%         3
 Gell's Gravitas          Tloc           6%         N/A       34%         3
 Teleport Other           Tloc           6%         N/A       34%         3
 Tukima's Dance           Hex            6%         N/A       34%         3
 Yara's Violent Unravell  Hex/Tmut       3%         3d4       58%         5
 Passage of Golubria      Tloc           6%         N/A       75%         4
 Dispersal                Tloc           3%         N/A       100%        6


Dungeon Overview and Level Annotations

Branches:
Dungeon (10/15)            Temple (1/1) D:4            Lair (0/5) D:9
  Sewer (visited)          Bailey (visited)
    Orc: D:9-12

Altars:
Ashenzari
Cheibriados
Dithmenos
Elyvilon
Fedhas
Gozag
Hepliaklqana
Makhleb
Nemelex Xobeh
Okawaru
Qazlal
Ru
Sif Muna
Trog
Uskayaw
Vehumet
Wu Jian
Xom
Yredelemnul
Zin
The Shining One

Shops:
D:4 ?   D:5 *:   D:8 =

Annotations:
D:8 3 runed translucent doors, jagang's ghost, novice HuFi
D:9 exclusion: catoblepas
D:10 Snorg


Innate Abilities, Weirdness & Mutations

((You are very nimble when in or above water. (Stealth+, EV+, Speed+++)))
Your lower body shifts to a powerful aquatic tail in water.


Message History

* * * LOW HITPOINT WARNING * * *
Snorg closely misses you. Snorg barely misses you.
Unknown command.
Blink to where?
Press: ? - help, Dir - move target, p - Snorg Your icy armour and frozen ramparts will break if you move.
Continue?
Your icy armour cracks and falls away as you move.
The frozen ramparts melt away as you move.
As you read the scroll of blinking, it crumbles to dust.
Casting: Freeze (safe; 1% risk of failure)
Confirm with . or Enter, or press ? or * to list all spells.
You can't see any susceptible monsters within range! (Use Z to cast anyway.)
Casting: Freeze (safe; 1% risk of failure)
Confirm with . or Enter, or press ? or * to list all spells.
You can't see any susceptible monsters within range! (Use Z to cast anyway.) Snorg rages.
Casting: Freeze (safe; 1% risk of failure)
Confirm with . or Enter, or press ? or * to list all spells.
Casting: Hailstorm (safe; 1% risk of failure)
Press: ? - help, Dir - look around, f - activate A cannonade of hail descends around you!
The hail pelts Snorg!
Snorg is heavily wounded.
Casting: Hailstorm (safe; 1% risk of failure)
Confirm with . or Enter, or press ? or * to list all spells.
A film of ice covers your body! Snorg misses you. Snorg completely misses you.
Snorg closely misses you. Snorg bites you.
* * * LOW HITPOINT WARNING * * *
Snorg completely misses you. Snorg misses you. Snorg barely misses you.
Snorg claws you but does no damage. Snorg completely misses you.
Unknown command.
Casting: Ozocubu's Armour (safe; 1% risk of failure)
Confirm with . or Enter, or press ? or * to list all spells.
Casting: Frozen Ramparts (safe; 1% risk of failure)
Press: ? - help, Dir - look around, f - activate The walls around you are covered in ice.
The wall freezes Snorg but does no damage.
Snorg bites you!
You die...

###### #### #### #### .....# #..#
#..# #..# .....# #..# #..# #..#
...>.# #..# #..# #..# .....# #..#
#..# #..#
.....########..######..####..####
.....†...........................
......[.........@T...............
.....###############..#####......
.....# #..# #...... .....# #..#
#...... .....# #..# #......
.....# #..# #T..... .....# #..#
#...... .....# #..# #......
.....# #......


You could see Snorg (berserk, very poisoned).

Vanquished Creatures
  2 tengu warriors
  A deep elf zephyrmancer (Bailey)
  Joseph (D:7)
  Psyche (D:8)
  3 trolls
  3 nameless horrors
  A slime creature (D:8)
  7 yaks (D:10)
  2 steam dragons
  An acid dragon (D:10)
  4 water moccasins
  2 black bears
  An ice beast (D:8)
  8 orc warriors
  An ogre (D:6)
  3 centaurs
  3 kobold brigands
  5 bullfrogs
  3 scorpions
  2 gnoll sergeants
  8 wights
  18 killer bees (D:9)
  A howler monkey (D:8)
  A hound (D:5)
  7 orc priests
  3 jellies
  Ijyb (D:3)
  2 gnoll boudas (D:9)
  5 orc wizards
  3 sleepcaps
  3 iguanas
  12 gnolls
  8 adders
  A shadow imp (D:6)
  4 white imps
  4 worms
  A dart slug (D:2)
  28 orcs
  4 bats
  7 endoplasms
  4 giant cockroaches
  8 goblins
  10 hobgoblins
  15 jackals
  7 quokkas
  6 ball pythons
  3 frilled lizards
  21 kobolds
  10 rats
259 creatures vanquished.

Vanquished Creatures (collateral kills)
  An orc knight (Bailey)
  A wraith (D:9)
  4 orc warriors
  5 orcs (Bailey)
11 creatures vanquished.

Vanquished Creatures (others)
  A howler monkey (D:8)
  An orc (D:8)
2 creatures vanquished.

Grand Total: 272 creatures vanquished

Notes
Turn   | Place    | Note
-------+----------+-------------------------------------------
     0 | D:1      | safid the Merfolk Ice Elementalist began the quest for the
                  | Orb.
     0 | D:1      | Reached XP level 1. HP: 13/13 MP: 3/3
    84 | D:1      | Reached XP level 2. HP: 18/20 MP: 0/5
   191 | D:1      | Reached skill level 1 in Fighting
   488 | D:1      | Reached XP level 3. HP: 15/26 MP: 6/6
   913 | D:1      | Found a faded altar of an unknown god.
  1024 | D:2      | Identified the +1 ring mail of Lucidity {+Blink}
  1212 | D:2      | Reached skill level 5 in Ice Magic
  1212 | D:2      | Reached XP level 4. HP: 28/33 MP: 5/8
  1270 | D:2      | Learned a level 3 spell: Frozen Ramparts
  1274 | D:2      | Learned a level 3 spell: Ozocubu's Armour
  2143 | D:3      | Found a sparkling altar of Nemelex Xobeh.
  2179 | D:3      | Found a glowing drain.
  2203 | D:3      | Reached XP level 5. HP: 39/39 MP: 3/9
  2207 | Sewer    | Entered a sewer
  2296 | Sewer    | Noticed a water moccasin
  2297 | Sewer    | Found the macabre finger necklace {Finger+ rN+}
  2303 | Sewer    | Killed a water moccasin
  2511 | D:3      | Reached XP level 6. HP: 47/47 MP: 11/11
  2547 | D:3      | Noticed Ijyb
  2561 | D:3      | Paralysed by Ijyb for 4 turns
  2563 | D:3      | Killed Ijyb
  2825 | D:3      | Reached skill level 6 in Ice Magic
  3231 | D:4      | Found a staircase to the Ecumenical Temple.
  3237 | Temple   | Entered the Ecumenical Temple
  3291 | Temple   | Became a worshipper of Vehumet
  3537 | D:4      | Reached XP level 7. HP: 54/54 MP: 13/13
  3590 | D:4      | Noticed a steam dragon
  3592 | D:4      | Found Plog's Magic Scroll Boutique.
  3609 | D:4      | Killed a steam dragon
  3661 | D:4      | Bought a scroll of fear for 52 gold pieces
  3661 | D:4      | Bought a scroll of teleportation for 39 gold pieces
  3661 | D:4      | Bought a scroll of identify for 26 gold pieces
  3661 | D:4      | Bought a scroll of identify for 26 gold pieces
  3661 | D:4      | Bought a scroll of identify for 26 gold pieces
  4149 | D:4      | Reached * piety under Vehumet
  4149 | D:4      | Offered knowledge of Shock by Vehumet.
  4686 | D:5      | Entered Level 5 of the Dungeon
  4714 | D:5      | Reached skill level 5 in Fighting
  4714 | D:5      | Reached XP level 8. HP: 62/62 MP: 11/15
  4760 | D:5      | Reached skill level 7 in Ice Magic
  4836 | D:5      | Reached skill level 5 in Dodging
  4836 | D:5      | Reached skill level 5 in Spellcasting
  5022 | D:5      | Found Meraopaf's Tremendous Tomes.
  5188 | D:5      | Found Zixtat's Assorted Antiques.
  5238 | D:5      | Bought a scroll of identify for 48 gold pieces
  5262 | D:5      | Found a broken altar of Ashenzari.
  6589 | D:6      | Reached XP level 9. HP: 69/69 MP: 17/17
  6991 | D:7      | Found a flagged portal.
  6997 | D:7      | Reached skill level 8 in Ice Magic
  7036 | Bailey   | Entered a bailey
  7037 | Bailey   | Identified 2 scrolls of acquirement
  7050 | Bailey   | Acquired the +0 pair of boots of Sif Muna's Regard {rC+
                  | rCorr Int-4}
  7057 | Bailey   | Acquired 761 gold pieces
  7127 | Bailey   | Noticed an orc knight
  7203 | Bailey   | Learned a level 4 spell: Summon Ice Beast
  7203 | Bailey   | Noticed a nameless horror
  7238 | Bailey   | Killed a nameless horror
  7750 | Bailey   | Killed an orc knight
  7848 | Bailey   | Found a large runed translucent door.
  7848 | Bailey   | Found a large runed translucent door.
  7849 | Bailey   | Noticed a deep elf zephyrmancer
  7982 | Bailey   | Killed a deep elf zephyrmancer
  7983 | Bailey   | Reached skill level 9 in Ice Magic
  7983 | Bailey   | Reached XP level 10. HP: 64/80 MP: 3/20
  8200 | D:7      | Noticed Joseph
  8366 | D:7      | HP: 1/80 [Joseph/+0 quarterstaff (12)]
  8367 | D:7      | Killed Joseph
  8800 | D:8      | Reached ** piety under Vehumet
  8872 | D:8      | Noticed a tengu warrior
  8886 | D:8      | Killed a tengu warrior
  8894 | D:8      | Offered knowledge of Magic Dart by Vehumet.
  9083 | D:8      | Reached skill level 10 in Ice Magic
  9214 | D:8      | Found a runed translucent gate.
  9214 | D:8      | Found a runed translucent gate.
  9215 | D:8      | Found a runed translucent gate.
  9219 | D:8      | Noticed jagang's ghost (novice HuFi)
  9261 | D:8      | Noticed Psyche
  9378 | D:8      | Killed Psyche
  9539 | D:8      | Found Umal's Jewellery Emporium.
  9634 | D:8      | Found a basalt altar of Yredelemnul.
  9641 | D:8      | Found a snail-covered altar of Cheibriados.
  9828 | D:9      | Offered knowledge of Hailstorm by Vehumet.
 10174 | D:9      | Learned a level 3 spell: Hailstorm
 10273 | D:9      | Reached XP level 11. HP: 83/90 MP: 18/23
 10335 | D:9      | Reached skill level 10 in Fighting
 10335 | D:9      | Reached skill level 11 in Ice Magic
 10472 | D:9      | Reached *** piety under Vehumet
 10516 | D:9      | Noticed a catoblepas
 10627 | D:9      | Found a white marble altar of Elyvilon.
 10696 | D:9      | Identified the +9 long sword "Ummug" {flame, Str+2 Stlth+}
 10735 | D:9      | Found a staircase to the Lair.
 10844 | D:9      | Found a blossoming altar of Fedhas.
 10846 | D:9      | Found an opulent altar of Gozag.
 10985 | D:9      | Noticed a tengu warrior
 11001 | D:9      | Killed a tengu warrior
 11147 | D:9      | Offered knowledge of Dazzling Flash by Vehumet.
 11381 | D:10     | Entered Level 10 of the Dungeon
 11484 | D:10     | Reached skill level 12 in Ice Magic
 11573 | D:10     | Found a sacrificial altar of Ru.
 11791 | D:10     | Noticed Snorg
 11816 | D:10     | Slain by Snorg

Illustrated notes

Levels and vault maps discovered:
D:1:      eino_arrival_druids_welcome, layout_basic,
          hellmonk_ecumenical_altar_leap_of_faith
D:2:      layout_loops_corners
D:3:      minmay_diamond_boxcup, layout_basic, nemelex_spade_bored_becter,
          cheibrodos_sewer_entry_bend, uniq_ijyb
D:4:      layout_basic, minmay_temple_entry_gardened_gates, serial_shops, shop
D:5:      layout_rooms, mainiacjoe_overflow_concentric_impassable, serial_shops,
          shop, chequers_serial_rivers_marsh, mrwooster_statue_mirror,
          nicolae_shop_i_like_big_books
D:6:      layout_gridville
D:7:      kennysheep_spiral_hall, layout_rooms,
          lemuel_zombie_altar_kikubaaqudgha, enter_bailey_2, uniq_joseph,
          uniq_pikel
D:8:      layout_rooms, minitemple, ebering_ghost_rock_garden, serial_shops,
          shop, minmay_three_doors, uniq_psyche
D:9:      minmay_opposing_rooms, layout_basic,
          chequers_temple_overflow_statue_of_worship,
          mainiacjoe_overflow_boulevard, lair_entry_dummy, grunt_ministairs_1,
          minmay_hedge_maze
D:10:     layout_small_grid, nicolae_ru_sacrificial_ziggurat, uniq_snorg
Temple:   hellmonk_temple_forest_ring

Skill      XL: |  1  2  3  4  5  6  7  8  9 10 11 |
---------------+----------------------------------+-----
Fighting       | 1 2 3 4 5 6 7 9 11 | 11.4
Ice Magic      | 5 6 7 9 10 12 | 12.3
Spellcasting   | 3 4 5 7 8 |  8.0
Dodging        | 4 6 8 |  8.0
Stealth        | |  2.1

Action                     |  1- 3 |  4- 6 |  7- 9 | 10-12 || total
---------------------------+-------+-------+-------+-------++-------
  Melee: Dagger            |   142 |    80 |       |       ||   222
         Unarmed           |     8 |       |       |       ||     8
         Tailslap          |     4 |       |    13 |       ||    17
         Punch             |     2 |     2 |     3 |     1 ||     8
         Trident           |       |    84 |   189 |   204 ||   477
   Cast: Freeze            |    19 |     9 |     1 |     6 ||    35
         Frozen Ramparts   |       |     9 |    26 |    44 ||    79
         Ozocubu's Armour  |       |     5 |    16 |    31 ||    52
         Summon Ice Beast  |       |       |    20 |     8 ||    28
         Hailstorm         |       |       |       |     6 ||     6
    Use: Scroll            |       |       |    13 |    14 ||    27
         Potion            |       |       |     2 |     4 ||     6
   Stab: Sleeping          |     4 |    13 |     1 |       ||    18
         Distracted        |       |       |     1 |     1 ||     2
 Armour: Robe              |    31 |    37 |    37 |    89 ||   194
  Dodge: Dodged            |   125 |    94 |   156 |   344 ||   719
